cohdb
Replays
Latest Replays
All Replays
Popular Replays
Top Player Replays
Match Explorer
How It Works
Community
CoH3 Stats
Reddit
Sign in to upload your games and track your stats! →
Sign in with Steam
Match 47060707
Unlisted
Match 47060707
Overview
Messages
Build Orders
End
Pioneer Squad
Construct Infanterie Kompanie
MG 42 Machine Gun Team
Grenadier Squad
GrW 34 Mortar Team
Construct Luftwaffe Kompanie
Jäger Squad
Flak 30 Anti-aircraft Gun Team
Medical Bunker
Flak 30 Anti-aircraft Gun Team
Grenadier Squad
Jäger Squad
Construct Panzer Kompanie
Panzer IV Medium Tank
Jäger Squad
Stoßtruppen Squad
Panzer IV Medium Tank
Sturmpanzer IV Brummbär
Grenadier Squad
Panzer IV Medium Tank
welnez
Miudai
FLOKL
mayomeyo
DerTontaiLama
Marijuana
PH0BB05
-_Alexxitan_-
0
0
Comments
sign in to comment!
No comments posted yet!